 Dungeon Sprint DCSS version 0.30.1-4-g462c640d31 (webtiles) character file.

Game seed: 2361580379612367152

6111 boopmooplesden the Bludgeoner (level 10, 0/157 HPs)
             Began as an Armataur Berserker on Aug 16, 2023.
             Was the Champion of Trog.
             Succumbed to a redback's poison
             ... in the Dungeon (Sprint III: "The Ten Rune Challenge").
             The game lasted 00:03:37 (1572 turns).

boopmooplesden the Bludgeoner (Armataur Berserker)  Turns: 1572, Time: 00:03:38

Health: 0/157      AC: 12    Str: 28    XL:     10   Next: 58%
Magic:  10/10      EV:  6    Int:  9    God:    Trog [******]
Gold:   2558       SH:  0    Dex:  4    Spells: 9/9 levels left

rFire   . . .        r - +9 dire flail of Deformation {heavy, rN+ Str+2 Dex-5}
rCold   . . .        (shield currently unavailable)
rNeg    + . .        p - +0 plate armour
rPois   .            (no helmet)
rElec   .            (no cloak)
rCorr   .            (no gloves)
SInv    .            (no barding)
Will    .....        (no amulet) Stlth
                     (no ring)
HPRegen 0.46/turn    (no ring)
MPRegen 0.12/turn

%: no teleportation, roll
@: berserking, lethally poisoned (0 -> -67), very quick
A: large, rugged brown scales 3, deformed body, armoured tail, roll, long
tongue, awkward tongue
a: Renounce Religion, Berserk, Trog's Hand, Brothers in Arms


You were in the Dungeon.
You worshipped Trog.
Trog was exalted by your worship.
You visited 1 branch You collected 2558 gold pieces.

Inventory:

Hand Weapons
 a - a +0 mace
 q - a +2 great mace
 r - the +9 dire flail of Deformation (weapon) {heavy, rN+ Str+2 Dex-5}
   (Trog gifted it to you in the Dungeon)

   Str:       It affects your strength (+2).
   Dex:       It affects your dexterity (-5).
   rN:        It protects you from negative energy.
Armour
 b - a +0 animal skin
 n - a +0 ring mail
 p - a +0 plate armour (worn)
Scrolls
 h - a scroll of blinking
 i - a scroll of enchant weapon {unknown}
 j - 2 scrolls of torment {unknown}
 k - 2 scrolls of identify {unknown}
Potions
 c - a potion of curing
 d - a potion of heal wounds
 e - a potion of haste
 f - 2 potions of magic
 g - a potion of berserk rage
 l - 4 potions of flight
 m - 6 potions of mutation
Miscellaneous
 o - a lightning rod (4/4)


   Skills:
 + Level 12.5 Fighting
 + Level 15.6 Maces & Flails
 + Level 9.9 Armour
 + Level 7.7 Dodging
 + Level 5.6 Stealth
 + Level 4.3 Evocations


You had 9 spell levels left.
You didn't know any spells.
Your spell library was empty.

Dungeon Overview and Level Annotations

Branches:
Dungeon (1/1)

Altars:
Cheibriados
Dithmenos
Elyvilon
Fedhas
Gozag
Hepliaklqana
Kikubaaqudgha
Makhleb
Nemelex Xobeh
Okawaru
Qazlal
Ru
Sif Muna
Trog
Uskayaw
Vehumet
Wu Jian
Xom
Yredelemnul
Zin
The Shining One
Jiyva
Lugonu

Shops:
D !


Innate Abilities, Weirdness & Mutations

You are completely covered in rugged brown scales. (AC +3, +7% HP)
Armour fits poorly on your strangely shaped body.
You have a long armoured tail.
You roll when moving toward enemies. (Rampage)
Your long tongue fully drains potion bottles. (2x potion effects)
Your tongue gives you trouble enunciating. (1.5x scroll delay)


Message History

You feel extremely sick.
The redback bites you but does no damage.
The redback bites you! The redback completely misses you.
The redback bites you but does no damage.
You impale the redback!!
You kill the redback!
Trog accepts your kill. Trog grants you a weapon!
Something appears at your feet!
You see here a +3 great sword.
You feel extremely sick. The redback bites you!
* * * LOW HITPOINT WARNING * * *
You are more poisoned.
The redback poisons you!
A red film seems to cover your vision as you go berserk!
You feel yourself moving faster!
You feel mighty!
* * * LOW HITPOINT WARNING * * *
You feel extremely sick.
The redback bites you but does no damage.
You hit the redback.
The redback is moderately wounded.
* * * LOW HITPOINT WARNING * * *
You feel extremely sick. The redback bites you.
* * * LOW HITPOINT WARNING * * *
You are more poisoned.
The redback poisons you!
The redback bites you but does no damage.
You stick the redback like a pincushion!!!
You kill the redback!
Trog accepts your kill.
* * * LOW HITPOINT WARNING * * *
You feel extremely sick.
Really walk into that net trap? [Y]es or [N]o only, please.
Really walk into that net trap? [Y]es or [N]o only, please.
Really walk into that net trap?
Okay, then.
You die...

)##)).......##
..#)).......##
..#)######.#.# #'#.#
###.#
..#'#####################
..#....#.#.#.....#......+
..##.#..#.##)###.#...^^.#
..'##.#.#.##.#.)##†..^..#
..#.).#..#..##.)@)^.....#
▓▓▓▓▓▓▓▓▓▓▓▓▓▓▓▓#.^.....#
#^...^..# +^......#
#..^^...# ##+######


There were no monsters in sight!

Vanquished Creatures
  Erolcha (D)
  4 orc high priests (D)
  A deep elf pyromancer (D)
  An orc sorcerer (D)
  An orc knight (D)
  A shadow (D)
  2 redbacks (D)
  A spatial vortex (D)
  An orc warrior (D)
  5 two-headed ogres (D)
  A necrophage (D)
  A water elemental (D)
  A scorpion (D)
  A jelly (D)
  A wizard (D)
  A necromancer (D)
  3 orc wizards (D)
  3 humans (D)
  A kobold demonologist (D)
  8 orcs (D)
  An endoplasm (D)
  3 rats (D)
43 creatures vanquished.

Notes
Turn   | Place    | Note
-------+----------+-------------------------------------------
     0 | D        | boopmooplesden the Armataur Berserker began the quest for
                  | the Orb.
     0 | D        | Reached XP level 1. HP: 19/19 MP: 1/1
     5 | D        | Reached skill level 3 in Maces & Flails
    22 | D        | Reached ** piety under Trog
    50 | D        | Reached skill level 4 in Maces & Flails
    50 | D        | Reached XP level 2. HP: 28/28 MP: 2/2
   151 | D        | Noticed a scorpion
   158 | D        | Killed a scorpion
   159 | D        | Reached skill level 5 in Fighting
   159 | D        | Reached skill level 5 in Maces & Flails
   159 | D        | Reached XP level 3. HP: 38/38 MP: 3/3
   159 | D        | Reached XP level 4. HP: 44/44 MP: 4/4
   195 | D        | Noticed a water elemental
   315 | D        | Killed a water elemental
   316 | D        | Reached skill level 6 in Maces & Flails
   316 | D        | Reached XP level 5. HP: 44/53 MP: 5/5
   479 | D        | Found a basalt altar of Yredelemnul.
   479 | D        | Found a shadowy altar of Dithmenos.
   479 | D        | Found a sacrificial altar of Ru.
   483 | D        | Reached *** piety under Trog
   490 | D        | Reached skill level 7 in Maces & Flails
   581 | D        | Found a radiant altar of Vehumet.
   583 | D        | Found a shimmering blue altar of Sif Muna.
   583 | D        | Found an ancient bone altar of Kikubaaqudgha.
   594 | D        | Reached **** piety under Trog
   595 | D        | Reached skill level 8 in Maces & Flails
   595 | D        | Reached XP level 6. HP: 64/64 MP: 6/6
   639 | D        | Found a hide-covered altar of Uskayaw.
   639 | D        | Found an iron altar of Okawaru.
   639 | D        | Found a bloodstained altar of Trog.
   639 | D        | Found an ornate altar of the Wu Jian Council.
   639 | D        | Noticed a human
   639 | D        | Noticed a human
   650 | D        | Killed a human
   651 | D        | Reached skill level 9 in Maces & Flails
   651 | D        | Reached skill level 5 in Armour
   651 | D        | Reached skill level 1 in Stealth
   656 | D        | Killed a human
   657 | D        | Reached XP level 7. HP: 52/73 MP: 7/7
   817 | D        | Found a glowing silver altar of Zin.
   819 | D        | Found a glowing golden altar of the Shining One.
   819 | D        | Found a white marble altar of Elyvilon.
   819 | D        | Noticed a deep elf pyromancer
   825 | D        | Killed a deep elf pyromancer
   826 | D        | Reached skill level 11 in Maces & Flails
   826 | D        | Reached skill level 5 in Dodging
   949 | D        | Noticed a shadow
   952 | D        | Killed a shadow
   952 | D        | Reached ***** piety under Trog
   953 | D        | Reached XP level 8. HP: 84/84 MP: 8/8
   962 | D        | Found a blossoming altar of Fedhas.
   962 | D        | Found a stormy altar of Qazlal.
   962 | D        | Found a snail-covered altar of Cheibriados.
   962 | D        | Found a burning altar of Makhleb.
   962 | D        | Found a shimmering altar of Xom.
   963 | D        | Found a hazy altar of Hepliaklqana.
   963 | D        | Found an opulent altar of Gozag.
   963 | D        | Found a sparkling altar of Nemelex Xobeh.
   963 | D        | Found a corrupted altar of Lugonu.
   963 | D        | Found a viscous altar of Jiyva.
  1228 | D        | Reached skill level 10 in Fighting
  1237 | D        | Reached skill level 12 in Maces & Flails
  1447 | D        | Noticed an orc high priest
  1449 | D        | Noticed an orc high priest
  1450 | D        | Killed an orc high priest
  1450 | D        | Noticed an orc high priest
  1451 | D        | Reached XP level 9. HP: 78/92 MP: 9/9
  1451 | D        | Killed an orc high priest
  1452 | D        | Reached skill level 13 in Maces & Flails
  1452 | D        | Reached skill level 1 in Evocations
  1452 | D        | Identified the +9 dire flail of Deformation {heavy, rN+
                  | Str+2 Dex-5} (Trog gifted it to you in the Dungeon)
  1452 | D        | Received a gift from Trog
  1452 | D        | Noticed an orc knight
  1453 | D        | Reached ****** piety under Trog
  1454 | D        | Noticed an orc sorcerer
  1455 | D        | Killed an orc high priest
  1455 | D        | Killed an orc sorcerer
  1456 | D        | Reached skill level 14 in Maces & Flails
  1456 | D        | Killed an orc knight
  1457 | D        | Reached skill level 5 in Stealth
  1457 | D        | Reached XP level 10. HP: 89/103 MP: 10/10
  1457 | D        | Found Muocru's Distillery.
  1457 | D        | Noticed an orc high priest
  1460 | D        | Received a gift from Trog
  1463 | D        | Killed an orc high priest
  1464 | D        | Reached skill level 15 in Maces & Flails
  1554 | D        | Noticed Erolcha
  1558 | D        | Killed Erolcha
  1568 | D        | Received a gift from Trog
  1572 | D        | Succumbed to a redback's poison

Illustrated notes

Levels and vault maps discovered:
D:        dungeon_sprint_mu [sprint_mu_entry_forest, sprint_mu_temple_rooms,
          sprint_mu_d1_spiders, sprint_mu_d2_genie, sprint_mu_d3_branching,
          sprint_mu_orc_legion, sprint_mu_elf_gauntlet, sprint_mu_hive_nellie,
          sprint_mu_lair_fedhas, sprint_mu_vaults_butterflies,
          sprint_mu_slime_circle, sprint_mu_swamp_cave, sprint_mu_snake_twists,
          sprint_mu_blade_basic, sprint_mu_crypt_fortress,
          sprint_mu_tomb_spiral, sprint_mu_vestibule_basic,
          sprint_mu_gehenna_hellfire, sprint_mu_dis_giant,
          sprint_mu_tartarus_statrot, sprint_mu_cocytus_islands, sprint_mu_zot1]

Skill      XL: |  1  2  3  4  5  6  7  8  9 10 |
---------------+-------------------------------+-----
Maces & Flails | 4 5 6 8 9 11 12 14 15 | 15.6
Fighting       | 4 5 6 7 8 9 10 11 12 | 12.5
Armour         | 3 4 5 6 7 8 9 |  9.9
Dodging        | 2 3 4 5 6 7 |  7.7
Stealth        | 1 2 3 5 |  5.6
Evocations     | 3 4 |  4.3

Action                     |  1- 3 |  4- 6 |  7- 9 | 10-12 || total
---------------------------+-------+-------+-------+-------++-------
  Melee: Mace              |    23 |    37 |    36 |     8 ||   104
         Tailslap          |     1 |     3 |     9 |     3 ||    16
         Dire flail        |       |       |       |    14 ||    14
 Invoke: Berserk           |     2 |     4 |     2 |     2 ||    10
  Evoke: Lightning rod     |       |       |     9 |     1 ||    10
 Armour: Animal skin       |    10 |     3 |       |       ||    13
         Ring mail         |       |       |     2 |       ||     2
         Plate armour      |       |       |       |     7 ||     7
  Dodge: Dodged            |    14 |    10 |    10 |     6 ||    40
